Map: Oxide LE

Players

Denver

  • Race: Zerg Zerg

Elazer - Winner!

  • Race: Zerg Zerg

Event: DreamHack SC2 Masters 2021 Winter

VOD

Have the link to the VOD?

Description

Time

  • Played on: Oct. 8, 2021, 1:54 p.m.
  • Length: 22:43

All games in this series

Show
View Real Time Build Order
Export as new Build Order

Denver Zerg 

Build Orders: 1 Base Baneling Bust, Pool First 

Get SALT Encoding   

  12  0:00  Drone  
  13  0:09  Extractor  
  12  0:23  Spawning Pool  
  12  0:28  Drone  
  12  0:32  Drone  
  13  0:39  Drone  
  14  0:49  Overlord  
  14  1:10  Metabolic Boost  
  14  1:11  Zergling x4  
  16  1:13  Zergling x2  
  17  1:23  Zergling x2  
  18  1:29  Baneling Nest  
  17  1:33  Zergling x2  
  18  1:44  Zergling x2  
  20  1:54  Zergling x2  
  20  2:05  Zergling x2  
  21  2:12  Baneling  
  21  2:13  Baneling  
  21  2:16  Hatchery  
  21  2:20  Zergling x2  
  21  2:30  Overlord  
  21  2:42  Drone  
  21  2:48  Baneling x2  
  21  2:50  Drone  
  22  2:56  Queen  
  24  3:10  Drone  
  24  3:15  Drone  
  20  3:26  Drone  
  19  3:30  Drone  
  19  3:31  Queen  
  22  3:34  Drone  
  24  3:41  Zergling x4  
  24  3:47  Queen  
  27  3:52  Drone  
  27  3:55  Drone  
  29  4:03  Drone x2  
  29  4:05  Overlord  
  29  4:09  Drone  
  32  4:12  Drone  
  33  4:21  Lair  
  33  4:23  Extractor  
  32  4:26  Drone  
  32  4:27  Drone  
  32  4:30  Drone  
  35  4:36  Drone x2  
  35  4:37  Drone  
  38  4:41  Drone  
  38  4:42  Drone  
  39  4:47  Overlord  
  39  4:50  Drone  
  39  4:51  Drone  
  41  4:58  Evolution Chamber  
  40  5:00  Zergling x4  
  40  5:04  Extractor  
  40  5:06  Extractor  
  40  5:08  Drone x3  
  43  5:15  Drone x3  
  46  5:24  Spire  
  46  5:27  Drone  
  46  5:28  Drone  
  47  5:31  Drone x2  
  48  5:36  Drone x2  
  48  5:41  Overseer  
  48  5:42  Overlord  
  50  5:50  Spine Crawler  
  50  5:54  Zergling x6  
  52  6:00  Evolution Chamber, Overlord  
  52  6:03  Drone x2  
  52  6:04  Drone  
  52  6:06  Drone  
  55  6:21  Hatchery  
  55  6:24  Overlord  
  53  6:33  Overlord  
  53  6:35  Mutalisk  
  53  6:36  Mutalisk x3  
  61  6:41  Mutalisk x2  
  61  6:47  Mutalisk  
  65  6:50  Zerg Flyer Weapons Level 1  
  65  6:53  Overlord  
  67  6:58  Mutalisk x2  
  71  7:03  Zergling x6  
  74  7:11  Overlord  
  74  7:13  Drone x4  
  78  7:17  Overseer  
  78  7:19  Mutalisk  
  78  7:20  Mutalisk  
  82  7:28  Mutalisk  
  82  7:32  Zergling x6  
  84  7:41  Mutalisk, Extractor  
  84  7:43  Overlord  
  85  7:47  Drone  
  85  7:48  Overlord  
  86  7:55  Zergling x8  
  90  8:01  Overlord  
  90  8:04  Mutalisk x3  
  96  8:17  Mutalisk  
  96  8:19  Zergling x16  
  103  8:24  Mutalisk  
  105  8:31  Zergling x10  
  94  8:49  Mutalisk x4  
  94  8:53  Zergling x2  
  94  8:54  Zergling x6  
  104  9:00  Mutalisk  
  104  9:06  Zergling x14, Evolution Chamber  
  104  9:07  Zergling x2  
  105  9:14  Zergling x2  
  99  9:19  Mutalisk x2  
  92  9:29  Zergling x2  
  92  9:30  Zergling x4, Queen  
  88  9:38  Mutalisk  
  88  9:39  Mutalisk  
  88  9:41  Drone x5  
  92  9:52  Zerg Flyer Weapons Level 2  
  92  9:57  Mutalisk  
  93  10:06  Mutalisk  
  91  10:14  Hatchery  
  91  10:16  Mutalisk  
  91  10:18  Zergling x12  
  99  10:28  Mutalisk  
  99  10:31  Zergling x8  
  98  10:53  Mutalisk x2  
  98  10:54  Mutalisk  
  101  11:00  Zergling x14  
  101  11:02  Overlord  
  108  11:05  Overlord  
  108  11:32  Mutalisk  
  108  11:33  Mutalisk x3  
  113  11:40  Zergling x12  
  113  11:41  Zergling x6  
  122  11:51  Mutalisk x2  
  126  11:54  Overlord  
  126  12:05  Mutalisk x2  
  128  12:11  Spine Crawler x2  
  124  12:17  Mutalisk  
  116  12:24  Drone x7  
  116  12:29  Mutalisk  
  114  12:37  Mutalisk  
  114  12:42  Drone x6  
  120  12:44  Extractor  
  119  12:52  Mutalisk x2  
  119  12:56  Zergling x6  
  126  13:00  Overlord  
  126  13:02  Extractor  
  123  13:13  Mutalisk x2  
  123  13:15  Zergling x10  
  132  13:26  Mutalisk x2  
  126  13:29  Zergling x2  
  126  13:30  Zergling x10  
  132  13:34  Mutalisk  
  132  13:47  Mutalisk x2  
  126  14:04  Zergling x22  
  123  14:16  Mutalisk x5  
  103  14:34  Mutalisk  
  103  14:35  Mutalisk  
  103  14:37  Zergling x12  
  111  14:48  Mutalisk x3  
  115  14:56  Zergling x12  
  112  15:11  Mutalisk x3  
  103  15:19  Zergling x6  
  66  15:42  Mutalisk  
  66  15:43  Mutalisk x2  
  72  15:54  Mutalisk x3  
  76  16:17  Mutalisk x2  
  78  16:18  Zergling x2  
  78  16:19  Zergling x6  
  82  16:30  Mutalisk  
  82  16:32  Mutalisk  
  86  16:47  Mutalisk  
  86  17:07  Mutalisk  
  72  17:09  Zergling x2  
  72  17:10  Zergling x8  
  73  17:16  Mutalisk  
  57  17:38  Mutalisk  
  52  19:06  Mutalisk x2  
  50  19:35  Overseer  
  50  19:52  Hatchery  
  49  20:20  Drone x2  
  49  20:21  Drone  
  52  20:31  Drone  
  53  20:48  Drone  
  49  21:35  Mutalisk  
  51  21:49  Mutalisk  
  49  21:54  Drone  
  49  21:55  Drone  
Show
View Real Time Build Order
Export as new Build Order

Elazer Zerg - Winner!

Build Orders: Hatch First 

Get SALT Encoding   

  12  0:00  Drone  
  13  0:11  Overlord  
  13  0:16  Drone  
  14  0:30  Drone x2  
  16  0:46  Hatchery  
  16  0:49  Drone  
  16  0:53  Drone  
  17  0:57  Drone  
  18  1:07  Extractor  
  17  1:12  Spawning Pool  
  17  1:15  Drone  
  17  1:18  Drone  
  18  1:27  Drone  
  19  1:38  Drone  
  20  1:48  Drone  
  21  1:59  Queen  
  21  2:00  Spine Crawler  
  24  2:04  Zergling x4  
  26  2:10  Baneling Nest  
  26  2:15  Zergling x4  
  27  2:27  Overlord  
  27  2:29  Evolution Chamber  
  25  2:44  Queen, Overlord  
  24  2:54  Baneling x3  
  24  2:55  Baneling  
  24  3:01  Drone x2  
  24  3:03  Zergling x2  
  26  3:15  Drone  
  20  3:20  Queen  
  18  3:31  Drone  
  19  3:35  Drone  
  19  3:37  Hatchery  
  19  3:45  Drone  
  19  3:47  Drone  
  21  3:50  Drone  
  23  3:55  Drone  
  23  3:59  Drone  
  24  4:14  Queen  
  26  4:17  Drone x2  
  26  4:20  Drone  
  29  4:24  Drone  
  29  4:28  Drone  
  31  4:34  Drone  
  32  4:43  Drone  
  33  4:49  Drone x4  
  37  4:56  Queen  
  39  5:03  Overlord  
  39  5:05  Drone  
  40  5:11  Drone x2  
  42  5:16  Queen  
  44  5:22  Drone x4  
  44  5:24  Drone  
  44  5:26  Drone  
  50  5:31  Overlord  
  50  5:33  Drone  
  50  5:38  Lair  
  50  5:42  Overlord  
  50  5:45  Drone x2, Extractor  
  50  5:46  Extractor  
  50  5:49  Evolution Chamber  
  49  5:50  Drone  
  49  5:53  Drone x2  
  52  5:57  Drone  
  53  6:07  Overlord  
  53  6:13  Drone x5  
  53  6:15  Zerg Missile Weapons Level 1, Roach Warren  
  57  6:21  Extractor  
  57  6:22  Drone  
  57  6:23  Drone  
  58  6:27  Drone x3  
  61  6:36  Overseer  
  61  6:39  Overlord x2  
  61  6:42  Drone x3  
  64  7:00  Queen x2  
  68  7:04  Nydus Network  
  67  7:08  Roach x4  
  67  7:09  Roach x3  
  67  7:12  Overlord  
  81  7:21  Overlord  
  81  7:32  Roach  
  81  7:34  Overlord x2  
  81  7:35  Spore Crawler  
  81  7:36  Spore Crawler  
  81  7:38  Queen  
  81  7:39  Queen  
  81  7:43  Roach x2  
  89  7:49  Overlord  
  89  7:57  Roach x3  
  89  7:58  Roach, Spore Crawler, Glial Reconstitution  
  96  8:09  Zerg Ground Armor Level 1  
  96  8:11  Roach x3  
  102  8:21  Queen x2  
  102  8:24  Nydus Canal  
  106  8:31  Roach x4  
  104  8:53  Roach x5  
  112  8:57  Queen x2, Nydus Canal  
  100  9:18  Nydus Canal  
  100  9:19  Spore Crawler  
  100  9:20  Roach x5  
  99  9:27  Spore Crawler  
  92  9:32  Queen  
  84  9:38  Queen  
  84  9:41  Spore Crawler  
  84  9:43  Spore Crawler  
  68  9:52  Spore Crawler  
  68  9:53  Roach x3  
  73  10:01  Spore Crawler  
  73  10:05  Roach  
  74  10:08  Queen  
  74  10:09  Roach x2  
  74  10:13  Ravager x2  
  74  10:14  Ravager x5, Queen  
  89  10:24  Spore Crawler  
  89  10:27  Roach x3  
  94  10:35  Overlord  
  94  10:36  Roach  
  94  10:37  Roach  
  96  10:55  Queen x2  
  91  10:58  Roach x4  
  99  11:10  Roach x2  
  103  11:22  Spore Crawler  
  100  11:30  Roach x4  
  100  11:31  Queen x2  
  110  11:45  Spore Crawler x2  
  110  11:46  Spore Crawler  
  107  11:57  Infestation Pit  
  101  12:06  Queen x2  
  91  12:37  Infestor x6  
  85  12:42  Queen  
  85  12:44  Queen  
  101  13:03  Roach x3  
  107  13:17  Spore Crawler  
  107  13:19  Queen  
  108  13:28  Roach x2  
  88  14:11  Queen x2  
  88  14:17  Roach  
  75  14:55  Queen  
  75  14:59  Nydus Canal  
  77  15:04  Roach  
  77  15:05  Roach  
  73  15:38  Queen x2  
  71  15:58  Spore Crawler x2  
  69  16:09  Infestor x2  
  71  16:20  Infestor  
  67  16:31  Ravager  
  68  16:53  Queen  
  70  16:55  Nydus Canal  
  64  17:12  Queen  
  54  17:32  Infestor  
  54  17:36  Infestor  
  58  17:47  Infestor  
  60  18:03  Infestor  
  60  18:16  Infestor  
  42  18:50  Infestor x2  
  42  18:54  Infestor x2  
  50  19:41  Queen  
  50  19:42  Queen  
  54  20:33  Hatchery  
  53  20:59  Infestor  
  53  21:00  Infestor x2  
  53  21:13  Drone x2  
  55  21:19  Drone  
  56  21:29  Drone  
  57  21:49  Drone x2  
  59  21:59  Drone  

Tags
 
Add a new tag
Caveats
  • Supply blocks, unpowered buildings, or Contaminate may cause inaccurate times.
  • Supply counts are checked every 10 seconds.